 Dungeon Crawl Stone Soup version 0.27-a0-1217-g8a41f320e8 (webtiles) character file.

Game seed: 992596294905616958

2 Ge0ff the Sneak (level 1, -1/11 HPs)
             Began as a Spriggan Delver on June 5, 2021.
             Was an Initiate of Wu Jian.
             Slain by a bullfrog zombie (6 damage)
             ... on level 5 of the Dungeon.
             The game lasted 00:01:25 (655 turns).

Ge0ff the Sneak (Spriggan Delver)                    Turns: 655, Time: 00:01:26

Health: -1/11      AC:  2    Str:  8    XL:     1   Next: 25%
Magic:  2/2        EV: 17    Int: 11    God:    Wu Jian [......]
Gold:   23         SH:  0    Dex: 16    Spells: 0/0 levels left

rFire    . . .     SeeInvis +   a - +0 short sword
rCold    . . .     Faith    .   (shield restricted)
rNeg     . . .     Spirit   .   I - +0 robe
rPois    .         Reflect  .   (helmet restricted)
rElec    .         Harm     .   J - scarf {repulsion}
rCorr    .         Rampage  .   (gloves unavailable)
Will     .....                  (boots unavailable)
Stlth    ++++......             (no amulet)
HPRegen  0.03/turn              (no ring)
MPRegen  0.08/turn              (no ring)

@: repel missiles, very quick
A: very small, no large weapons, unfitting armour, see invisible, speed 3
a: Renounce Religion


You were on level 5 of the Dungeon.
You worshipped Wu Jian.
Wu Jian was noncommittal.
You visited 2 branches of the dungeon, and saw 3 of its levels.

You collected 23 gold pieces.

Inventory:

Hand Weapons
 a - a +0 short sword (weapon)
 b - a +0 dagger
Armour
 I - a +0 robe (worn)
 J - a scarf of repulsion (worn)
Wands
 d - a wand of digging (3)
Scrolls
 m - a scroll of magic mapping
 E - 2 scrolls of fear
 F - a scroll of fog
 K - a scroll of teleportation {unknown}
Potions
 H - a potion of haste {!q}


   Skills:
 * Level 2.5 Fighting
 + Level 2.2 Short Blades
 - Level 2.6 Dodging
 - Level 7.2 Stealth


You couldn't memorise any spells.
You didn't know any spells.
Your spell library contained the following spells:

 Spells                   Type           Power      Damage    Failure   Level
 Summon Small Mammal      Summ           0%         N/A       34%         1
 Call Imp                 Summ           0%         N/A       47%         2
 Call Canine Familiar     Summ           0%         N/A       71%         3
 Summon Guardian Golem    Hex/Summ       0%         N/A       71%         3
 Summon Ice Beast         Ice/Summ       0%         N/A       98%         4
 Summon Lightning Spire   Summ/Air       0%         N/A       98%         4


Dungeon Overview and Level Annotations

Branches:
Dungeon (6/15)             Temple (1/1) D:5

Altars:
Ashenzari
Cheibriados
Fedhas
Gozag
Kikubaaqudgha
Makhleb
Nemelex Xobeh
Okawaru
Qazlal
Sif Muna
Trog
Uskayaw
Vehumet
Wu Jian
Xom
Yredelemnul


Innate Abilities, Weirdness & Mutations

You are very small and have problems with some larger weapons.
You are too small for most types of armour.
You have supernaturally acute eyesight. (SInv)
You cover ground extremely quickly. (Speed+++)


Message History

Found 29 stones.
You see here a +0 scale mail.
Found a leatherbound book.
A bullfrog zombie comes into view.
The helpless bullfrog zombie fails to defend itself.
You impale the bullfrog zombie!!
The bullfrog zombie is severely damaged.
The bullfrog zombie completely misses you.
The bullfrog zombie closely misses you.
You see here a book of Callings.
You pick up a book of Callings and begin reading...
You add the spells Summon Small Mammal, Call Imp, Call Canine Familiar, Summon Guardian Golem, Summon Lightning Spire and Summon Ice Beast to your library.
The bullfrog zombie barely misses you.
You closely miss the bullfrog zombie.
The bullfrog zombie is severely damaged.
The bullfrog zombie hits you. The bullfrog zombie misses you.
You are too injured to fight recklessly!
You barely miss the bullfrog zombie.
The bullfrog zombie is severely damaged.
The bullfrog zombie completely misses you.
You hit the bullfrog zombie.
The bullfrog zombie is severely damaged.
The bullfrog zombie misses you.
You hit the bullfrog zombie.
The bullfrog zombie is severely damaged.
The bullfrog zombie closely misses you.
You closely miss the bullfrog zombie.
The bullfrog zombie is severely damaged.
The bullfrog zombie barely misses you. x2
You barely miss the bullfrog zombie.
The bullfrog zombie is severely damaged.
The bullfrog zombie barely misses you.
You barely miss the bullfrog zombie.
The bullfrog zombie is severely damaged.
The bullfrog zombie completely misses you.
Press: ? - help, v - describe, . - travel
Here: a bullfrog zombie (severely damaged)
The floor.
You see here a +0 scale mail.
A wyvern zombie comes into view.
You lunge at the bullfrog zombie, but your attack speed is too slow for a blow to land.
The bullfrog zombie closely misses you.
You hit the bullfrog zombie.
The bullfrog zombie is almost destroyed.
The bullfrog zombie hits you.
You barely miss the bullfrog zombie.
The bullfrog zombie is almost destroyed.
The bullfrog zombie closely misses you. The bullfrog zombie hits you.
Ouch! That really hurt!
You die...

##Z##### #..#.##...#....##
.......# #..#......#.##...
##.###.# #..#.#.##.......# #Z#
#.# #..#.#....##..#.. #.# #.#
#..#(...#.....#.#
##.###.##########..#†(#.#(##.....
...Z...............#..#......##.#
...##.############......##.>....#
#####..........Z@.#..##......##..
#.############.#....#.##....# #.#
#.#.##.#....##.. ..#
#.#.......#..... ##.#
#.#.##.##.#..##. #.#
#.#............. #.#
#.######.######. #. #..
.........> ###.######.


You could see a bullfrog zombie.

Vanquished Creatures
  An orc (D:5)
1 creature vanquished.

Notes
Turn   | Place    | Note
-------+----------+-------------------------------------------
     0 | D:5      | Ge0ff the Spriggan Delver began the quest for the Orb.
     0 | D:5      | Reached XP level 1. HP: 11/11 MP: 2/2
     1 | D:6      | Noticed a black bear
    12 | D:5      | Found a staircase to the Ecumenical Temple.
    21 | Temple   | Entered the Ecumenical Temple
   492 | Temple   | Became a worshipper of the Wu Jian Council
   633 | D:5      | Noticed a wyvern zombie
   655 | D:5      | Slain by a bullfrog zombie

Illustrated notes

Levels and vault maps discovered:
D:5:      layout_loops_ring, minmay_temple_entry_ruins,
          gammafunk_ghost_nasty_kobolds, uniq_crazy_yiuf_cottage, uniq_duvessa,
          uniq_ijyb, uniq_edmund
D:6:      layout_gridville, general_overflow_altar, elyvilon_altar_5,
          nicolae_overflow_hidden_temple
Temple:   nicolae_temple_elliptical

Action                   || total
-------------------------++-------
Melee: Short sword       ||    12
 Stab: Sleeping          ||     3
Dodge: Dodged            ||    16

Table legend: (Time is in decaauts)
 A = Elapsed time spent in this place.
 B = Non-inter-level travel time spent in this place.
 C = Inter-level travel time spent in this place.
 D = Time resting spent in this place.
 E = Time spent auto-exploring this place.
 F = Levels seen in this place.
 G = Mean time per level.
                   A        B        C        D        E       F      G
               +--------+--------+--------+--------+--------+-----+--------+
         Total |    535 |    515 |     20 |      0 |    405 |   3 |  178.3 |
       Dungeon |    105 |    104 |      1 |      0 |      0 |   2 |   52.5 |
        Temple |    429 |    410 |     19 |      0 |    405 |   1 |  429.0 |
               +--------+--------+--------+--------+--------+-----+--------+

Top non-repeatable levels by time:
  Temple: 429 daAuts
     D:5: 100 daAuts
     D:6: 5 daAuts
